 Seeded DCSS version 0.26.1-11-gd32895ea62 (webtiles) character file.

Game seed: 13435453013147752700 (custom seed)

2266 wilfster70 the Frost Mage (level 9, 0/65 HPs)
             Began as a Gnoll Ice Elementalist on Apr 28, 2021.
             Was a Follower of Ashenzari.
             Killed by divine providence
             ... invoked by an orc priest
              (10 damage)
             ... on level 7 of the Dungeon.
             The game lasted 00:16:59 (6103 turns).

wilfster70 the Frost Mage (Gnoll Ice Elementalist)  Turns: 6103, Time: 00:16:59

Health: 0/65       AC:  5    Str: 11    XL:     9   Next: 38%
Magic:  16/18      EV: 16    Int: 23    God:    Ashenzari [*.....]
Gold:   421        SH:  5    Dex: 16    Spells: 10/21 levels left

rFire    + + .     SeeInvis .   a - +9 falchion "Bisade" {vorpal, rElec Int+3} (curse)
rCold    . . .     Faith    .   (no shield)
rNeg     . . .     Spirit   .   A - +2 leather armour {rF+}
rPois    .         Reflect  +   (no helmet)
rElec    +         Harm     .   (no cloak)
rCorr    .         Rampage  .   (no gloves)
Will     .....                  (no boots)
Stlth    ++++......             B - amulet of reflection
HPRegen  0.20/turn              f - ring of protection from fire
MPRegen  0.16/turn              x - ring of stealth

@: no status effects
A: distributed training, fangs 1, strong nose
a: Renounce Religion, Curse Item, Scrying


You were on level 7 of the Dungeon.
You worshipped Ashenzari.
Ashenzari was aware of your devotion.
You visited 1 branch of the dungeon, and saw 7 of its levels.

You collected 421 gold pieces.

Inventory:

Hand Weapons
 a - the cursed +9 falchion "Bisade" (weapon) {vorpal, rElec Int+3}
   (You found it on level 6 of the Dungeon)

   It inflicts extra damage upon your enemies.
   It affects your intelligence (+3).
   It insulates you from electricity.
   It has a curse placed upon it.
Missiles
 o - 24 poisoned darts
Armour
 A - a +2 leather armour of fire resistance (worn)
Jewellery
 f - a ring of protection from fire (left hand)
 x - a ring of stealth (right hand)
 B - an amulet of reflection (around neck)
Wands
 u - a wand of random effects (10)
Scrolls
 b - 3 scrolls of teleportation {unknown}
 h - a scroll of enchant weapon {unknown}
 i - 5 scrolls of identify {unknown}
 j - a scroll of random uselessness {unknown}
 k - a scroll of fear {unknown}
 l - a scroll of amnesia {unknown}
 n - 3 scrolls of magic mapping {unknown}
 t - 2 scrolls of blinking {unknown}
 v - 4 scrolls of remove curse
 w - 2 scrolls of immolation {unknown}
 y - a scroll of fog {unknown}
Potions
 c - 2 potions of invisibility {unknown}
 d - a potion of haste {unknown}
 e - 3 potions of might
 g - a potion of mutation {unknown}
 m - 5 potions of degeneration {unknown}
 p - a potion of lignification {unknown}
 q - a potion of cancellation {unknown}
 r - 2 potions of flight {unknown}
 s - 2 potions of brilliance {unknown}
 z - a potion of curing {unknown}
 C - a potion of heal wounds {unknown}


   Skills:
 + Level 4.2 Fighting
 + Level 4.2 Short Blades
 + Level 4.2 Long Blades
 + Level 4.2 Axes
 + Level 4.2 Maces & Flails
 + Level 4.2 Polearms
 + Level 4.2 Staves
 + Level 4.2 Slings
 + Level 4.2 Bows
 + Level 4.2 Crossbows
 + Level 4.2 Throwing
 + Level 4.2 Armour
 + Level 6.3 Dodging
 + Level 6.0 Stealth
 + Level 4.2 Shields
 + Level 4.2 Unarmed Combat
 + Level 6.6 Spellcasting
 + Level 3.4 Conjurations
 + Level 3.4 Hexes
 + Level 3.4 Summonings
 + Level 3.4 Necromancy
 + Level 3.4 Translocations
 + Level 3.4 Transmutations
 + Level 3.4 Fire Magic
 + Level 8.0 Ice Magic
 + Level 3.4 Air Magic
 + Level 3.4 Earth Magic
 + Level 3.4 Poison Magic
 + Level 4.6 Invocations
 + Level 4.2 Evocations


You had 10 spell levels left.
You knew the following spells:

 Your Spells              Type           Power        Failure   Level
a - Freeze                Ice            100%         1%          1
b - Frozen Ramparts       Ice            88%          1%          3
c - Ozocubu's Armour      Ice            44%          1%          3
d - Summon Ice Beast      Ice/Summ       33%          10%         4

Your spell library contained the following spells:

 Spells                   Type           Power        Failure   Level
 Magic Dart               Conj           92%          2%          1
 Blink                    Tloc           N/A          3%          2
 Call Imp                 Summ           23%          3%          2
 Slow                     Hex            23%          3%          2
 Conjure Flame            Conj/Fire      23%          8%          3
 Mephitic Cloud           Conj/Pois/Air  23%          8%          3
 Hailstorm                Conj/Ice       33%          10%         4


Dungeon Overview and Level Annotations

Branches:
Dungeon (7/15)             Temple (0/1) D:6

Altars:
Ashenzari
Hepliaklqana
Nemelex Xobeh
Okawaru

Annotations:
D:6 2 transporters, SergentPoivreBleu's ghost, novice HOFi


Innate Abilities, Weirdness & Mutations

Your experience applies equally to all skills.
You have very sharp teeth.
Your uncanny sense of smell can sniff out nearby items.


Message History

You kill the orc warrior!
Your Stealth skill increases to level 6!
Your Ice Magic skill increases to level 8!
You closely miss the white imp. Your bite misses the white imp.
The white imp is heavily wounded.
The orc priest invokes the aid of Beogh against you.
Beogh smites you!
The white imp resists.
The wall freezes the white imp.
The white imp misses you.
You are too injured to fight recklessly!
Your frozen ramparts will break if you move.
Continue? [Y]es or [N]o only, please.
Your frozen ramparts will break if you move.
Continue?
The frozen ramparts melt away as you move.
The white imp gestures at you. The puff of frost hits you!
* * * LOW HITPOINT WARNING * * *
There is a stone staircase leading up here.
The orc priest calls down the wrath of Beogh upon you.
Beogh smites you!
You die...

....>...# ###
........# #..
........# #.#
...#.#.#### #.#
......(...## #.# #
...........###.### .#
.................##.##
.....................#
........########@.#..#
........########).# .#
................5)#
.............))รท..#
.#..#..###...)##o)#
.##.#..# #....##..##
.##..#.###....##$[.#.#
# #.#...#....##)..#.#
.###.....#....##[..#.#


You could see an orc priest and a white imp.

Vanquished Creatures
  Eustachio (D:5)
  Menkaure (D:6)
  An ice beast (D:5)
  3 orc warriors
  A phantom (D:7)
  An ogre (D:4)
  A big kobold (D:7)
  A bullfrog (D:7)
  2 scorpions
  6 killer bees (D:4)
  5 wights (D:7)
  2 howler monkeys
  A hound (D:5)
  A jelly (D:6)
  A centaur skeleton (D:4)
  5 orc priests
  4 orc wizards
  2 bullfrog skeletons
  Ijyb (D:3)
  2 worker ants (D:5)
  A hound skeleton (D:4)
  3 gnolls (D:3)
  9 adders
  2 adder skeletons
  2 worms
  2 dart slugs (D:2)
  2 leopard geckos
  11 orcs
  3 ball pythons
  4 giant cockroaches
  5 goblins
  4 hobgoblins
  10 jackals
  16 kobolds
  4 quokkas
  5 bats
  5 frilled lizards
  7 rats
137 creatures vanquished.

Notes
Turn   | Place    | Note
-------+----------+-------------------------------------------
     0 | D:1      | wilfster70 the Gnoll Ice Elementalist began the quest for
                  | the Orb.
     0 | D:1      | Reached XP level 1. HP: 13/13 MP: 6/6
    75 | D:1      | Found a broken altar of Ashenzari.
    79 | D:1      | Became a worshipper of Ashenzari the Shackled
   367 | D:1      | Reached XP level 2. HP: 19/19 MP: 5/7
   906 | D:2      | Reached XP level 3. HP: 24/25 MP: 5/9
   914 | D:2      | Learned a level 3 spell: Frozen Ramparts
   918 | D:2      | Learned a level 3 spell: Ozocubu's Armour
   933 | D:2      | Reached skill level 5 in Spellcasting
  1187 | D:2      | Reached skill level 1 in Invocations
  1339 | D:2      | Reached skill level 1 in Fighting
  1339 | D:2      | Reached skill level 1 in Short Blades
  1339 | D:2      | Reached skill level 1 in Long Blades
  1339 | D:2      | Reached skill level 1 in Axes
  1339 | D:2      | Reached skill level 1 in Maces & Flails
  1339 | D:2      | Reached skill level 1 in Polearms
  1339 | D:2      | Reached skill level 1 in Staves
  1339 | D:2      | Reached skill level 1 in Slings
  1339 | D:2      | Reached skill level 1 in Bows
  1339 | D:2      | Reached skill level 1 in Crossbows
  1339 | D:2      | Reached skill level 1 in Throwing
  1339 | D:2      | Reached skill level 1 in Armour
  1339 | D:2      | Reached skill level 1 in Shields
  1339 | D:2      | Reached skill level 1 in Unarmed Combat
  1339 | D:2      | Reached skill level 1 in Evocations
  1438 | D:2      | Reached XP level 4. HP: 31/32 MP: 7/11
  1695 | D:3      | Reached skill level 1 in Conjurations
  1695 | D:3      | Reached skill level 1 in Hexes
  1695 | D:3      | Reached skill level 1 in Summonings
  1695 | D:3      | Reached skill level 1 in Necromancy
  1695 | D:3      | Reached skill level 1 in Translocations
  1695 | D:3      | Reached skill level 1 in Transmutations
  1695 | D:3      | Reached skill level 1 in Fire Magic
  1695 | D:3      | Reached skill level 1 in Air Magic
  1695 | D:3      | Reached skill level 1 in Earth Magic
  1695 | D:3      | Reached skill level 1 in Poison Magic
  1888 | D:3      | Noticed Ijyb
  1903 | D:3      | Killed Ijyb
  1904 | D:3      | Reached XP level 5. HP: 37/37 MP: 7/12
  2141 | D:3      | Found a sparkling altar of Nemelex Xobeh.
  2320 | D:4      | Found an iron altar of Okawaru.
  2553 | D:4      | Reached XP level 6. HP: 31/44 MP: 10/13
  2753 | D:4      | Reached skill level 5 in Dodging
  3078 | D:4      | Reached XP level 7. HP: 24/50 MP: 12/15
  3323 | D:4      | Reached skill level 5 in Stealth
  3602 | D:4      | Found a hazy altar of Hepliaklqana.
  4000 | D:5      | Entered Level 5 of the Dungeon
  4041 | D:5      | Noticed Eustachio
  4065 | D:5      | Killed Eustachio
  4066 | D:5      | Reached XP level 8. HP: 52/58 MP: 8/16
  4336 | D:5      | Reached * piety under Ashenzari
  4663 | D:6      | Got the falchion "Bisade" {vorpal, rElec Int+3}
  4669 | D:6      | Identified the cursed +9 falchion "Bisade" {vorpal, rElec
                  | Int+3} (You found it on level 6 of the Dungeon)
  4799 | D:6      | Found a staircase to the Ecumenical Temple.
  4940 | D:6      | Noticed a wraith
  4943 | D:6      | Noticed SergentPoivreBleu's ghost (novice HOFi)
  4946 | D:6      | Found a transporter.
  5036 | D:6      | Found a transporter.
  5143 | D:6      | Noticed Menkaure
  5163 | D:6      | Killed Menkaure
  5536 | D:7      | Reached XP level 9. HP: 55/65 MP: 12/18
  5545 | D:7      | Learned a level 4 spell: Summon Ice Beast
  6101 | D:7      | Reached skill level 8 in Ice Magic
  6103 | D:7      | Killed from afar by an orc priest

Illustrated notes

Levels and vault maps discovered:
D:1:      giann_forest_graveyard, layout_rooms, serial_curves, eino_curves_03,
          eino_curves_03, hangedman_abyss_or_decor_stabs,
          nicolae_ashenzari_panopticon
D:2:      layout_rooms
D:3:      layout_basic, chequers_decorated_corner, nemelex_spade_bored_becter,
          uniq_ijyb
D:4:      layout_loops_ring, nicolae_overflow_hidden_temple, okawaru_gym_becter
D:5:      layout_rooms, uniq_eustachio
D:6:      layout_loops_ring, minmay_temple_entry_sparse_star,
          gammafunk_ghost_mausoleum, uniq_menkaure
D:7:      layout_basic

Skill      XL: |  1  2  3  4  5  6  7  8  9 |
---------------+----------------------------+-----
Spellcasting   | 5 6 |  6.6
Invocations    | 1 2 3 4 |  4.6
Fighting       | 1 2 3 4 |  4.2
Short Blades   | 1 2 3 4 |  4.2
Long Blades    | 1 2 3 4 |  4.2
Axes           | 1 2 3 4 |  4.2
Maces & Flails | 1 2 3 4 |  4.2
Polearms       | 1 2 3 4 |  4.2
Staves         | 1 2 3 4 |  4.2
Slings         | 1 2 3 4 |  4.2
Bows           | 1 2 3 4 |  4.2
Crossbows      | 1 2 3 4 |  4.2
Throwing       | 1 2 3 4 |  4.2
Armour         | 1 2 3 4 |  4.2
Shields        | 1 2 3 4 |  4.2
Unarmed Combat | 1 2 3 4 |  4.2
Evocations     | 1 2 3 4 |  4.2
Conjurations   | 1 2 3 |  3.4
Hexes          | 1 2 3 |  3.4
Summonings     | 1 2 3 |  3.4
Necromancy     | 1 2 3 |  3.4
Translocations | 1 2 3 |  3.4
Transmutations | 1 2 3 |  3.4
Fire Magic     | 1 2 3 |  3.4
Air Magic      | 1 2 3 |  3.4
Earth Magic    | 1 2 3 |  3.4
Poison Magic   | 1 2 3 |  3.4
Dodging        | 5 6 |  6.3
Stealth        | 5 6 |  6.0
Ice Magic      | 8 |  8.0

Action                   |  1- 3 |  4- 6 |  7- 9 || total
-------------------------+-------+-------+-------++-------
Melee: Short sword       |    44 |    26 |       ||    70
       Bite              |     5 |    12 |    21 ||    38
       Spear             |       |    69 |    95 ||   164
       Punch             |       |     1 |       ||     1
       Falchion          |       |       |    63 ||    63
 Cast: Freeze            |    20 |       |       ||    20
       Frozen Ramparts   |     7 |    14 |    29 ||    50
       Ozocubu's Armour  |       |       |     4 ||     4
Invok: Curse Item        |       |       |     1 ||     1
Evoke: Wand              |       |       |     3 ||     3
  Use: Potion            |     1 |       |       ||     1
 Stab: Sleeping          |     4 |     8 |     5 ||    17
       Distracted        |       |       |     1 ||     1
Armor: Leather armour    |    11 |    10 |    35 ||    56
Dodge: Dodged            |    41 |    48 |   128 ||   217
Block: Other             |       |       |    13 ||    13
       Reflection        |       |       |     3 ||     3
       Rpst.: Falchion   |       |       |     8 ||     8
